 Seeded DCSS version 0.30-a0-422-g946f4849ff (webtiles) character file.

Game seed: 20221208 (custom seed)

9 flotson the Sneak (level 2, 0/24 HPs)
             Began as a Demonspawn Delver on Dec 8, 2022.
             Slain by a worm (8 damage)
             ... on level 4 of the Dungeon.
             The game lasted 00:00:37 (212 turns).

flotson the Sneak (Demonspawn Delver)                Turns: 212, Time: 00:00:38

Health: 0/24       AC:  3    Str: 12    XL:     2   Next: 3%
Magic:  2/2        EV: 11    Int: 11    God:
Gold:   35         SH:  0    Dex: 14    Spells: 1/1 levels left

rFire   . . .      SeeInvis .    k - +0 glaive
rCold   . . .      Faith    .    (shield currently unavailable)
rNeg    . . .      Spirit   .    b - +0 leather armour
rPois   .          Reflect  .    (no helmet)
rElec   .          Harm     .    (no cloak)
rCorr   .          Rampage  .    (no gloves)
Will    .....                    (no boots)
Stlth   +++.......               (no amulet)
HPRegen 0.24/turn                m - ring of flight
MPRegen 0.08/turn                (no ring)

@: flying
A: ignite blood 1
a: no special abilities


You were on level 4 of the Dungeon.
You visited 1 branch of the dungeon, and saw 2 of its levels.

You collected 35 gold pieces.

Inventory:

Hand Weapons
 a - a +0 hand axe
 k - a +0 glaive (weapon)
Armour
 b - a +0 leather armour (worn)
Jewellery
 m - a ring of flight (left hand)
Wands
 g - a wand of digging (3)
Scrolls
 c - a scroll of fog
 d - a scroll of magic mapping
 e - a scroll of fear
 j - a scroll of torment {unknown}
 l - a scroll of poison {unknown}
 n - a scroll of identify {unknown}
Potions
 f - a potion of haste
 h - a potion of lignification {unknown}
 i - a potion of curing {unknown}


   Skills:
 + Level 3.1 Fighting
 - Level 1.7 Axes
 + Level 0.4 Armour
 + Level 1.9 Dodging
 + Level 4.6 Stealth
 + Level 0.5 Evocations


You had one spell level left.
You didn't know any spells.
Your spell library contained the following spells:

 Spells                   Type           Power      Damage    Failure   Level
 Hailstorm                Conj/Ice       0%         3d3       80%         3
 Ice Form                 Ice/Tmut       0%         N/A       99%         4
 Simulacrum               Ice/Necr       0%         N/A       100%        6


Dungeon Overview and Level Annotations

Branches:
Dungeon (5/15)
 Temple: D:4-7

Altars:
Xom


Innate Abilities, Weirdness & Mutations

Your demonic aura sometimes causes spilled blood to erupt in flames.


Message History

Found 14 gold pieces, a silver ring and a scroll labelled SOSEPN PAIPLI.
There is a stone staircase leading up here.
Found a stone staircase leading down.
A water moccasin comes into view.
Found a gnarled jewelled staff.
You see here a ring of flight.
m - a ring of flight
n - a scroll labelled SOSEPN PAIPLI
There is a stone staircase leading up here.
You fly up into the air.
m - a ring of flight (left hand)
You fly upwards.
You hear the hiss of flowing sand.
There is an entrance to an ossuary on this level.
Hurry and find it before the portal is buried!
Found a smoky yellow potion.
Found a stone staircase leading up.
There is a stone staircase leading down here.
A worm comes into view.
Found a stone staircase leading down.
You reach to attack!
You barely miss the worm. You slash the worm!
The worm is severely wounded.
The worm bites you!
You barely miss the worm.
The worm is severely wounded.
The worm bites you.
You hit the worm.
The worm is almost dead.
The worm bites you!
* * * LOW HITPOINT WARNING * * *
You are too injured to fight recklessly!
You are too injured to fight recklessly!
You are too injured to fight recklessly!
You are too injured to fight recklessly!
You are too injured to fight recklessly!
You are too injured to fight recklessly!
You are too injured to fight recklessly!
You barely miss the worm.
The worm is almost dead.
The worm bites you!
You die...

.#
............
...
...........
..##..>.......
.
.............
#. #.........
#..##.....!#
.......w..# #.
#..@..# ##.
##...## #...
#..##
#...##..#
#...##.###
#.>...<...
#.........
..........#
##...###.###


You could see a worm.

Vanquished Creatures
  A white imp (D:5)
  An orc (D:5)
2 creatures vanquished.

Notes
Turn   | Place    | Note
-------+----------+-------------------------------------------
     0 | D:5      | flotson the Demonspawn Delver began the quest for the Orb.
     0 | D:5      | Reached XP level 1. HP: 18/18 MP: 1/1
   153 | D:5      | Found a shimmering altar of Xom.
   173 | D:5      | Gained mutation: Your demonic aura sometimes causes spilled
                  | blood to erupt in flames. [demonic ancestry]
   173 | D:5      | Reached XP level 2. HP: 24/24 MP: 2/2
   183 | D:5      | Noticed a water moccasin
   212 | D:4      | Slain by a worm

Illustrated notes

Levels and vault maps discovered:
D:4:      layout_cave_pools, okawaru_metal_pillars_1_2,
          minmay_temple_entry_proselytizer, serial_shops,
          nicolae_shop_advertising_works [nicolae_subvault_shop_adworks],
          gup_ossuary_entry_pyramid
D:5:      layout_basic, lemuel_crystal_altar, nicolae_elyvilon_peaceful_grove,
          dk_xom_monty_hall

Action                   || total
-------------------------++-------
Melee: Hand axe          ||     2
       Glaive            ||     6
 Stab: Sleeping          ||     1

Table legend: (Time is in decaauts)
 A = Elapsed time spent in this place.
 B = Non-inter-level travel time spent in this place.
 C = Inter-level travel time spent in this place.
 D = Time resting spent in this place.
 E = Time spent auto-exploring this place.
 F = Levels seen in this place.
 G = Mean time per level.
                   A        B        C        D        E       F      G
               +--------+--------+--------+--------+--------+-----+--------+
         Total |    214 |    214 |      0 |      0 |    144 |   2 |  107.0 |
       Dungeon |    214 |    214 |      0 |      0 |    144 |   2 |  107.0 |
               +--------+--------+--------+--------+--------+-----+--------+

Top non-repeatable levels by time:
     D:5: 202 daAuts
     D:4: 12 daAuts
